 Dungeon Crawl Stone Soup version 0.20-a0-1006-ge6c5631 (webtiles) character file.

291 Monsterracer the Chucker (level 6, -6/62 HPs)
             Began as an Ogre Hunter on Apr 13, 2017.
             Killed from afar by a white imp (9 damage)
             ... with a puff of frost
             ... summoned by Natasha
             ... on level 4 of the Dungeon.
             The game lasted 00:13:18 (4790 turns).

Monsterracer the Chucker (Ogre Hunter)              Turns: 4790, Time: 00:13:19

Health: -6/62      AC:  5    Str: 19    XL:     6   Next: 32%
Magic:  6/6        EV: 10    Int: 12    God:
Gold:   236        SH:  0    Dex:  9    Spells: 5/5 levels left

rFire    . . .     SeeInvis .   d - +0 mace
rCold    . . .     Gourm    .   (no shield)
rNeg     . . .     Faith    +   b - +0 robe
rPois    .         Spirit   .   (helmet restricted)
rElec    .         Reflect  .   r - +1 cloak {MR+}
rCorr    .         Harm     .   (gloves unavailable)
MR       +....                  (boots unavailable)
Stlth    +.........             m - amulet of faith
Regen    0.2/turn               (no ring)
MPRegen  0.1/turn               (no ring)

@: no status effects
A: unfitting armour, tough skin 1
a: no special abilities


You were on level 4 of the Dungeon.
You were very hungry.

You visited 1 branch of the dungeon, and saw 4 of its levels.

You collected 236 gold pieces.

Inventory:

Hand Weapons
 d - a +0 mace (weapon)
Missiles
 c - 2 large rocks
 e - 172 stones (quivered)
 i - 2 steel javelins
Armour
 b - a +0 robe (worn)
 r - a +1 cloak of magic resistance (worn)
Jewellery
 m - an amulet of faith (around neck)
 p - an uncursed ring of ice
Wands
 n - a wand of polymorph (7/24)
Scrolls
 g - a scroll of magic mapping
 h - 3 scrolls of remove curse
 k - a scroll of recharging
 o - 2 scrolls of teleportation
Potions
 j - 2 potions of cancellation
Comestibles
 a - 2 meat rations
 f - 2 bread rations
 l - 2 royal jellies


   Skills:
 + Level 3.9 Fighting
 * Level 4.2 Maces & Flails
 - Level 5.0 Throwing
 - Level 2.0 Dodging
 - Level 0.6 Stealth


You had 5 spell levels left.
You didn't know any spells.

Dungeon Overview and Level Annotations

Branches:
Dungeon (4/15)
 Temple: D:4-7

Altars:
Qazlal
Trog
Wu Jian

Annotations:
D:4 Blork the orc, Natasha


Innate Abilities, Weirdness & Mutations

You are too large for most types of armour.
You have tough skin. (AC +1)


Message History

The white imp closely misses you.
The shadow imp hits you but does no damage.
Throwing (i - inventory. (,) - cycle):
e - 173 stones (quivered)
Press: ? - help, Shift-Dir - straight line, f/p - Natasha
Aim: Natasha (lightly wounded)
You throw a stone. The stone barely misses you. The white imp gestures at you.
The puff of frost hits you!
* * * LOW HITPOINT WARNING * * *
You feel less invigorated.
You feel less confused. The shadow imp hits you.
* * * LOW HITPOINT WARNING * * *
The white imp hits you but does no damage.
Natasha misses you.
Natasha casts a spell.
The shadow imp disappears in a puff of smoke!
The white imp gestures at you. The puff of frost hits you!
You die...

.$......## #....## ##.
......(.# #..(..## #..
....((.## ##.....## #.#
......## #......### ##.#
......# #### #........##
#..#
......###..####..#[....##
##.## .....###.<..#
#55h#.....## #..#
....[##.....#
#...##.....####..#
.....##.....#
##@..##..........#
....##......#
#...#....#####..##
#..........## #.....####
###.#
#####.......####..####
##. ##...........## ##
#...###....## ## #..##
###..# ##. #.## #..## #..
### #.#?# #..


You could see Natasha, a crimson imp and a white imp.

Vanquished Creatures
  Crazy Yiuf (D:3)
  3 orc wizards (D:3)
  Natasha (D:4)
  A worker ant (D:4)
  Robin (D:2)
  2 adders
  3 worms
  5 dart slugs
  A leopard gecko (D:4)
  4 orcs (D:3)
  3 ball pythons
  5 giant cockroaches
  17 goblins
  7 hobgoblins
  A quokka (D:2)
  7 bats
  6 frilled lizards
  8 rats
76 creatures vanquished.

Notes
Turn   | Place    | Note
-------+----------+-------------------------------------------
     0 | D:1      | Monsterracer the Ogre Hunter began the quest for the Orb.
     0 | D:1      | Reached XP level 1. HP: 22/22 MP: 1/1
   139 | D:1      | Reached XP level 2. HP: 29/29 MP: 2/2
  1231 | D:1      | Reached XP level 3. HP: 37/37 MP: 3/3
  1350 | D:2      | Reached skill level 1 in Maces & Flails
  1931 | D:2      | Found a bloodstained altar of Trog.
  2439 | D:3      | Reached XP level 4. HP: 43/45 MP: 4/4
  2678 | D:3      | Noticed Robin
  2906 | D:2      | Killed Robin
  3271 | D:3      | Found an ornate altar of the Wu Jian Council.
  3502 | D:3      | Found a runed door.
  3745 | D:3      | Reached XP level 5. HP: 52/54 MP: 5/5
  4060 | D:3      | Noticed Crazy Yiuf
  4062 | D:3      | Killed Crazy Yiuf
  4062 | D:3      | Reached XP level 6. HP: 62/62 MP: 6/6
  4274 | D:4      | Reached skill level 5 in Throwing
  4326 | D:4      | Noticed Blork the orc
  4500 | D:4      | Noticed Natasha
  4513 | D:4      | Killed Natasha
  4623 | D:4      | Found a stormy altar of Qazlal.
  4762 | D:4      | Noticed Natasha
  4778 | D:4      | HP: 1/62 [white imp/puff of frost[Natasha] (7)]
  4790 | D:4      | Killed from afar by a white imp

Vault maps used:
D:1:      dpeg_arrival_boxorama, minmay_shallow_snake_nest
D:2:      minivault_5, serial_bayou_pond_d, minmay_fountain_box,
          trog_three_pillars_becter
D:3:      marbit_many_paths, first_bread, uniq_robin, uniq_crazy_yiuf_cottage
D:4:      minitemple, grunt_qazlal_sundering, minivault_23, uniq_natasha,
          uniq_blork_the_orc, uniq_menkaure

Skill      XL: |  1  2  3  4  5  6 |
---------------+-------------------+-----
Dodging        | 2 |  2.0
Fighting       | 3 |  3.9
Maces & Flails | 1 2 3 4 |  4.2
Throwing       | 5 |  5.0
Stealth        | |  0.6

Action                   |  1- 3 |  4- 6 || total
-------------------------+-------+-------++-------
Melee: Unarmed           |    32 |       ||    32
       Club              |    19 |       ||    19
       Mace              |    46 |    98 ||   144
Throw: Large rock        |    11 |     9 ||    20
       Stone             |    60 |    91 ||   151
       Throwing net      |     2 |       ||     2
       Javelin           |     6 |     8 ||    14
  Use: Potion            |     4 |     3 ||     7
       Scroll            |     4 |     1 ||     5
  Eat: Chunk             |     4 |     7 ||    11
Armor: Robe              |    49 |    39 ||    88
Dodge: Dodged            |    54 |    76 ||   130
